cohdb
Replays
Latest Replays
All Replays
Popular Replays
Top Player Replays
Match Explorer
How It Works
Community
CoH3 Stats
Reddit
Sign in to upload your games and track your stats! →
Sign in with Steam
Match 43480726
Unlisted
Match 43480726
Overview
Messages
Build Orders
End
Construct Section Command Post
Selects Canadian Shock Battlegroup
Dingo Light Scout Car
Dingo Light Scout Car
Infantry Section
Royal Engineer Section
Selects Attacking Spirit
Selects Canadian Shock Section
Construct Platoon Command Post
Unlock M3 Stuart Light Tanks
Canadian Shock Section
M3 Stuart Light Tank
Selects Incendiary Munitions
M3 Stuart Light Tank
M3 Stuart Light Tank
Selects Pyrotechnics
Mao
Evil
皮諾可這個直接電死
loner
jack.lee
祸乱之炮手
Voodoo408
goots
0
0
Comments
sign in to comment!
No comments posted yet!